AoeStats
← tom-gonz

MegaRandom

507580338Analyzed
4v4 RM · 12d ago on Sep 18, 2026· 72m 28s· 8 players
Game mode
Random Map
Map size
Large (8 player)
Population
200
Speed
Normal
Resources
Standard
Victory
Conquest
Starting age
Dark Age
Ending age
Imperial Age
RankedLock teamsTeams togetherTeam positionsShared explorationLock speedFull tech treeHidden civsTurbo modeCheats
Victory
Defeat
🇵🇱 Shu · Poland
1781
+11
🇧🇪 Celts · Belgium
1600
+18
🇩🇪 Khitans · Germany
1573
+19
🇪🇸 Byzantines · Spain
1441
+25
🇵🇹 Malay · Portugal
1727
-21
🇵🇹 Lithuanians · Portugal
1651
-18
🇵🇹 Mapuche · Portugal
1645
-18
🇵🇹 Dravidians · Portugal
1585
-16
Malice
6:27 Loom
10:01 Feudal Age
10:34 Double-Bit Axe
13:56 Wheelbarrow
18:13 Castle Age
16:48 Gold Mining
17:52 Horse Collar
19:06 Bow Saw
19:28 Medium Warships
26:12 Heavy Plow
28:09 Fletching
30:06 Scale Mail Armor
31:20 Hand Cart
35:15 Imperial Age
32:48 Scale Mail Armor
33:13 Forging
33:47 Chain Mail Armor
35:42 Iron Casting
35:49 Gambesons
35:50 Arson
36:48 Conscription
37:38 Plate Mail Armor
37:02 Stronghold
37:14 Elite Woad Raider
39:27 Blast Furnace
40:33 Capped Ram
41:02 Town Watch
40:40 Pikeman
41:16 Bodkin Arrow
42:21 Furor Celtica
42:58 Siege Ram
47:05 Gold Shaft Mining
48:16 Siege Engineers
50:16 Onager
52:37 Chemistry
52:25 Halberdier
56:17 Caravan
60:23 Man-at-Arms
62:47 Guilds
64:38 Long Swordsman
67:10 Guard Tower
67:41 Ballistics
67:30 Two-Handed Swordsman
68:08 Champion
70:58 Hoardings
70:14 Stronghold
[VPKT] Semita
9:04 Loom
11:24 Feudal Age
17:03 Castle Age
15:48 Double-Bit Axe
16:27 Horse Collar
32:33 Wheelbarrow
36:46 Imperial Age
34:48 Bow Saw
34:15 Crossbowman
35:18 Fletching
36:21 Hand Cart
36:49 Medium Warships
37:20 Bodkin Arrow
37:26 Gold Mining
37:27 Stone Mining
38:05 Ballistics
38:52 Heavy Warships
39:05 Bracer
40:09 Chemistry
39:21 Demolition Ship
42:21 Siphons
44:05 Scale Barding Armor
44:11 Forging
44:01 Padded Archer Armor
44:09 Heavy Plow
45:10 Two-Man Saw
44:25 Elite Skirmisher
45:12 Thumb Ring
45:51 Gold Shaft Mining
46:38 Leather Archer Armor
47:56 Conscription
48:19 Ring Archer Armor
51:59 Pikeman
52:39 Squires
52:25 Gambesons
52:26 Arson
52:42 Scale Mail Armor
53:17 Iron Casting
56:07 Chain Mail Armor
55:19 Halberdier
57:59 Plate Mail Armor
57:44 Caravan
63:30 Crop Rotation
66:30 Guilds
MyNameIsLassen
10:41 Feudal Age
8:58 Loom
10:45 Feudal Age
11:47 Double-Bit Axe
14:22 Fishing Lines
17:05 Castle Age
16:34 Double-Bit Axe
16:31 Domestication
18:28 Fletching
18:50 Bow Saw
19:11 Padded Archer Armor
20:09 Bodkin Arrow
21:13 Leather Archer Armor
21:55 Gold Mining
25:37 Heavy Cavalry Archer
27:18 Pastoralism
28:49 Thumb Ring
30:44 Wheelbarrow
32:36 Hand Cart
32:07 Town Watch
34:59 Stone Mining
40:46 Imperial Age
39:33 Town Patrol
40:46 Ballistics
40:36 Masonry
40:56 Scale Barding Armor
41:01 Forging
41:26 Husbandry
41:51 Conscription
40:57 Elite Steppe Lancer
42:13 Parthian Tactics
42:59 Chemistry
42:36 Light Cavalry
44:48 Ordo Cavalry
46:34 Chain Barding Armor
46:50 Iron Casting
46:18 Bracer
46:39 Chain Barding Armor
49:07 Ring Archer Armor
50:32 Elite Skirmisher
52:13 Plate Barding Armor
52:16 Treadmill Crane
53:18 Caravan
55:11 Lamellar Armor
56:21 Hussar
58:48 Iron Casting
63:58 Two-Man Saw
Dziamdziak
7:31 Loom
9:38 Feudal Age
10:20 Double-Bit Axe
13:05 Fletching
19:17 Castle Age
17:42 Gold Mining
17:38 Horse Collar
19:05 Gold Mining
19:55 Bodkin Arrow
19:41 Crossbowman
21:59 Padded Archer Armor
25:51 Wheelbarrow
27:46 Bow Saw
32:53 Imperial Age
30:57 Thumb Ring
32:13 Gold Shaft Mining
31:57 Town Watch
32:56 Arbalester
33:41 Bracer
34:54 Hand Cart
35:52 Leather Archer Armor
37:29 Chemistry
37:41 Ballistics
37:52 Ring Archer Armor
38:25 Siege Engineers
39:20 Bolt Magazine
39:21 Elite Skirmisher
41:02 Conscription
49:54 Masonry
54:47 Stone Mining
55:31 Caravan
60:47 Architecture
60:54 Hoardings
Mr Greed
10:29 Feudal Age
10:11 Double-Bit Axe
11:34 Loom
14:34 Fletching
21:42 Castle Age
20:37 Gold Mining
21:51 Medium Warships
21:38 Bodkin Arrow
21:29 Demolition Ship
22:34 Padded Archer Armor
22:26 Crossbowman
27:08 Bow Saw
31:10 Ballistics
35:16 Wheelbarrow
34:22 Horse Collar
39:43 Imperial Age
40:18 Chemistry
39:36 Arbalester
42:08 Bracer
42:24 Leather Archer Armor
44:09 Thumb Ring
45:36 Heavy Plow
46:23 Ring Archer Armor
46:29 Siege Engineers
46:38 Man-at-Arms
47:18 Squires
49:03 Masonry
49:31 Coinage
50:14 Forging
50:26 Conscription
54:12 Forced Levy
54:49 Iron Casting
53:35 Long Swordsman
55:28 Town Watch
55:59 Hand Cart
55:49 Two-Handed Swordsman
66:18 Arson
tom-gonz
9:07 Loom
11:20 Feudal Age
15:23 Castle Age
13:51 Double-Bit Axe
14:10 Fishing Lines
15:30 Gold Mining
15:45 Fletching
16:52 Bodkin Arrow
17:30 Bow Saw
19:40 Ballistics
20:53 Padded Archer Armor
26:58 Leather Archer Armor
28:49 Wheelbarrow
28:46 Town Watch
30:29 Hand Cart
35:25 Imperial Age
33:29 Horse Collar
34:25 Gold Shaft Mining
34:46 Gillnets
34:51 Stone Mining
35:44 Elite Bolas Rider
38:12 Chemistry
38:50 Butalmapu
39:07 Conscription
40:03 Malon
40:49 Ring Archer Armor
43:53 Forging
43:43 Scale Mail Armor
43:10 Pikeman
44:14 Halberdier
45:08 Arson
46:15 Chain Mail Armor
46:35 Iron Casting
49:18 Blast Furnace
48:49 Plate Mail Armor
52:39 Siege Engineers
53:14 Murder Holes
53:11 Elite Skirmisher
Darkwynn
7:10 Loom
9:25 Feudal Age
9:57 Double-Bit Axe
12:36 Fletching
20:53 Castle Age
21:33 Bodkin Arrow
21:51 Medium Warships
22:23 Horse Collar
25:35 Fishing Lines
27:59 Bow Saw
29:05 Wheelbarrow
28:17 Town Watch
28:35 Heavy Plow
28:28 Gold Mining
28:49 Town Watch
30:29 Wheelbarrow
32:36 Imperial Age
31:27 Ballistics
31:51 Clinker Construction
31:55 Careening
31:41 Gillnets
33:13 Hand Cart
34:28 Chemistry
34:06 Heavy Warships
34:12 Carvel Hull
35:20 Guilds
35:30 Elite Cannon Galleon
37:46 Masonry
38:30 Scale Barding Armor
38:28 Bracer
38:34 Scale Barding Armor
44:12 Chain Barding Armor
46:04 Plate Barding Armor
45:40 Forging
57:52 Iron Casting
58:36 Two-Man Saw
61:43 Bloodlines
60:53 Light Cavalry
61:33 Husbandry
DarkVandar
8:36 Loom
11:04 Feudal Age
16:39 Castle Age
14:48 Double-Bit Axe
17:48 Medium Warships
17:57 Bow Saw
19:49 Horse Collar
22:30 Fletching
28:23 Wheelbarrow
29:14 Sanctity
30:56 Hand Cart
33:42 Imperial Age
31:13 Bodkin Arrow
31:43 Gold Mining
32:30 Padded Archer Armor
32:39 Stone Mining
34:25 Leather Archer Armor
34:38 Ballistics
34:43 Bracer
35:46 Chemistry
35:51 Two-Man Saw
36:23 Ring Archer Armor
36:25 Elite Elephant Archer
37:42 Elite Elephant Archer
39:02 Conscription
40:33 Husbandry
42:15 Heavy Plow
42:03 Town Watch
43:18 Masonry
45:21 Scale Barding Armor
46:31 Light Cavalry
47:46 Chain Barding Armor
50:22 Forging
52:26 Elite Skirmisher
58:06 Medical Corps
71:05 Iron Casting
Connection lost

Rejoining the realm…

Still unreachable

The connection could not be restored.

Session expired

The server has moved on; the page needs a fresh start.